 Dungeon Crawl Stone Soup version 0.19.1 (webtiles) character file.

1609 BoredOne the Slasher (level 8, -1/58 HPs)
             Began as a Demonspawn Berserker on Dec 23, 2016.
             Was a Priest of Trog.
             Succumbed to a water moccasin's poison
             ... on level 6 of the Dungeon.
             The game lasted 00:23:35 (6046 turns).

BoredOne the Slasher (Demonspawn Berserker)         Turns: 6046, Time: 00:23:35

Health: -1/58      AC:  7    Str: 19    XL:     8   Next: 63%
Magic:  5/8        EV: 13    Int:  8    God:    Trog [***...]
Gold:   250        SH:  2    Dex: 14    Spells: 0 memorised, 7 levels left

rFire  . . .     SeeInvis .     a - +0 falchion
rCold  . . .     Gourm    .     d - +1 ring mail
rNeg   . . .     Faith    .     (no shield)
rPois  .         Spirit   +     (helmet restricted)
rElec  .         Reflect  +     (no cloak)
rCorr  .         Harm     .     (no gloves)
MR     .....                    (no boots)
Stlth  +.........               v - +2 amulet of reflection
                                (no ring)
                                (no ring)

@: lethally poisoned (-1 -> -12), exhausted, slowed, very slow
A: horns 2, repulsion field 1, demonic guardian 1, magic shield
a: Berserk, Trog's Hand, Burn Spellbooks, Renounce Religion


You were on level 6 of the Dungeon.
You worshipped Trog.
Trog was most pleased with you.
You were not hungry.

You visited 1 branch of the dungeon, and saw 6 of its levels.

You collected 250 gold pieces.

Inventory:

Hand Weapons
 a - a +0 falchion (weapon)
Missiles
 r - 7 tomahawks (quivered)
Armour
 b - a +0 animal skin
 d - a +1 ring mail (worn)
 m - a +0 helmet
Jewellery
 v - a +2 amulet of reflection (around neck)
Scrolls
 i - 3 scrolls of amnesia
 k - 3 scrolls of fear
Potions
 j - a potion of agility
 o - 2 potions of cancellation
 p - a potion of brilliance
 x - a potion of haste
Comestibles
 c - 2 bread rations
 f - 3 meat rations
 s - a fruit
 t - a royal jelly
 w - a beef jerky


   Skills:
 - Level 3.0 Fighting
 + Level 7.6 Long Blades
 + Level 7.3 Armour
 - Level 1.7 Dodging


You had 7 spell levels left.
You didn't know any spells.

Dungeon Overview and Level Annotations

Branches:
Dungeon (6/15)
 Temple: D:4-7

Altars:
Fedhas
Okawaru
Sif Muna
The Shining One


Innate Abilities, Weirdness & Mutations

You have a pair of horns on your head.
You are surrounded by a mild repulsion field. (EV +2)
A weak demonic guardian rushes to your aid.
When hurt, damage is shared between your health and your magic reserves.


Message History

It was a potion of cure mutation.
It has a very clean taste.
* * * LOW HITPOINT WARNING * * *
You feel sick.
It was a potion of berserk rage.
A red film seems to cover your vision as you go berserk!
You feel yourself moving faster!
You feel mighty!
* * * LOW HITPOINT WARNING * * *
You feel sick.
You feel a strong urge to attack something.
* * * LOW HITPOINT WARNING * * *
You feel sick.
You hear the slow rusting of a distant drain.
* * * LOW HITPOINT WARNING * * *
You feel sick.
You feel your anger subside.
You are no longer berserk.
You are exhausted.
You feel yourself slow down.
* * * LOW HITPOINT WARNING * * *
You feel sick.
You die...

#. .# #. .#
##). ..#
##...#######..
........#....
#.......#..#
........#..##.#
......†.@.....#
.......#.#.####
#.....##.#.#
##...# #...#
#..# #.#.#
#.#####.#.#
#......<#.#
...#.####.. #
#.


There were no monsters in sight!

Vanquished Creatures
  Grinder (D:3)
  The ghost of Peloso the Covered, an amateur DsFi (D:4)
  An ice beast (D:5)
  A phantom (D:4)
  A centaur (D:5)
  2 ogres (D:5)
  2 bullfrogs
  2 scorpions
  A hound (D:5)
  An orc wizard (D:4)
  A jelly (D:5)
  7 worker ants
  Terence (D:2)
  A hound skeleton (D:4)
  Robin (D:2)
  A worker ant zombie (D:5)
  3 gnolls (D:5)
  4 adders
  2 shadow imps (D:5)
  An adder skeleton (D:5)
  A worm (D:2)
  4 dart slugs
  5 leopard geckos
  4 orcs (D:4)
  4 giant cockroaches
  11 goblins
  8 hobgoblins
  4 jackals (D:1)
  4 kobolds
  A quokka (D:4)
  A ball python (D:5)
  2 bats (D:2)
  5 frilled lizards
  11 rats
100 creatures vanquished.

Vanquished Creatures (collateral kills)
  A water moccasin (D:6)
  A scorpion (D:5)
2 creatures vanquished.

Grand Total: 102 creatures vanquished

Notes
Turn   | Place    | Note
-------+----------+-------------------------------------------
     0 | D:1      | BoredOne the Demonspawn Berserker began the quest for the Orb.
     0 | D:1      | Reached XP level 1. HP: 18/18 MP: 1/1
   310 | D:1      | Gained mutation: When hurt, damage is shared between your health and your magic reserves. [demonic ancestry]
   310 | D:1      | Reached XP level 2. HP: 24/24 MP: 2/2
   861 | D:1      | Gained mutation: You are surrounded by a mild repulsion field. (EV +2) [demonic ancestry]
   861 | D:1      | Reached XP level 3. HP: 29/29 MP: 3/3
  1127 | D:2      | Noticed Robin
  1132 | D:2      | Reached ** piety under Trog
  1151 | D:2      | Killed Robin
  1404 | D:2      | Noticed Terence
  1416 | D:2      | Killed Terence
  1416 | D:2      | Reached XP level 4. HP: 35/35 MP: 2/4
  1443 | D:2      | Found an iron altar of Okawaru.
  1463 | D:2      | Found a glowing golden altar of the Shining One.
  2785 | D:3      | Noticed Grinder
  2805 | D:3      | Killed Grinder
  2805 | D:3      | Gained mutation: You have a pair of small horns on your head. [demonic ancestry]
  2805 | D:3      | Reached XP level 5. HP: 21/41 MP: 2/5
  2805 | D:3      | Reached XP level 6. HP: 25/47 MP: 2/6
  2974 | D:4      | Noticed Peloso's ghost (amateur DsFi)
  2993 | D:4      | Killed Peloso's ghost
  2993 | D:4      | Reached skill level 5 in Long Blades
  2993 | D:4      | Reached skill level 5 in Armour
  2993 | D:4      | Gained mutation: A weak demonic guardian rushes to your aid. [demonic ancestry]
  2993 | D:4      | Reached XP level 7. HP: 9/52 MP: 1/7
  3936 | D:4      | Found a blossoming altar of Fedhas.
  4291 | D:5      | Entered Level 5 of the Dungeon
  4853 | D:5      | Gained mutation: You have a pair of horns on your head. [demonic ancestry]
  4853 | D:5      | Reached XP level 8. HP: 34/58 MP: 4/8
  5269 | D:5      | Reached *** piety under Trog
  5491 | D:5      | Found a deep blue altar of Sif Muna.
  6042 | D:6      | HP: 4/87 [poisoned by a water moccasin]
  6045 | D:6      | HP: 1/58 [poisoned by a water moccasin]
  6046 | D:6      | Succumbed to a water moccasin's poison

Skill      XL: |  1  2  3  4  5  6  7  8 |
---------------+-------------------------+-----
Armour         | 2 3 4 5 6 7 |  7.3
Long Blades    | 3 4 5 6 7 |  7.6
Fighting       | |  3.0
Dodging        | |  1.7

Action                   |  1- 3 |  4- 6 |  7- 9 || total
-------------------------+-------+-------+-------++-------
Melee: Falchion          |   105 |   136 |   187 ||   428
       Headbutt          |       |     6 |    48 ||    54
Throw: Tomahawk          |       |       |     4 ||     4
Invok: Berserk           |       |     2 |       ||     2
       Trog's Hand       |       |     2 |       ||     2
  Use: Potion            |       |     1 |     4 ||     5
       Scroll            |       |       |    10 ||    10
  Eat: Chunk             |     2 |     6 |     5 ||    13
       Bread ration      |       |       |     1 ||     1
       Fruit             |       |       |     1 ||     1
       Pizza             |       |       |     1 ||     1
Armor: Ring mail         |    38 |    34 |    34 ||   106
Dodge: Dodged            |    55 |    77 |   116 ||   248
Block: Other             |       |       |     4 ||     4
       Rpst.: Falchion   |    18 |    15 |    44 ||    77
